 Dungeon Crawl Stone Soup version 0.30.1-11-g7821555f0a (webtiles) character file.

Game seed: 17379610037954216709

57757 MyghtyMarc the Warrior (level 14, -2/163 HPs)
             Began as an Ogre Fire Elementalist on Dec 21, 2023.
             Was the Champion of Nemelex Xobeh.
             Slain by a reaper
             ... wielding a +2 scythe of freezing
              (6 damage)
             ... in an ice cave on Jan 8, 2024.
             The game lasted 03:14:31 (24272 turns).

MyghtyMarc the Warrior (Ogre Fire Elementalist)    Turns: 24272, Time: 03:14:31

Health: -2/163     AC: 10    Str: 18    XL:     14   Next: 87%
Magic:  36/46      EV: 24    Int: 27    God:    Nemelex Xobeh [******]
Gold:   1185       SH:  4    Dex: 10    Spells: 2/33 levels left

rFire   . . .        F - +2 quarterstaff of the Cup {freeze, rC+ MP+9 Int+3}
rCold   + . .        (shield currently unavailable)
rNeg    . . .        a - +0 troll leather armour
rPois   .            (helmet restricted)
rElec   .            i - +0 cloak
rCorr   .            (gloves unavailable)
SInv    .            (boots unavailable)
Will    +....        t - amulet "Tel Puxo" {Acrobat Regen+ Str+2 Int+4}
Stlth   +            D - ring of magical power
HPRegen 2.07/turn    d - +4 ring of protection
MPRegen 0.30/turn

%: acrobat
@: acrobatic, unable to read
A: large, unfitting armour, tough skin 1, large bone plates 1, clever 1,
inability to read after injury 1, noise suppression
a: Renounce Religion, Draw Escape, Draw Destruction, Draw Summoning, Triple
Draw, Deal Four, Stack Five


You were in an ice cave.
You worshipped Nemelex Xobeh.
Nemelex Xobeh was exalted by your worship.
You visited 3 branches of the dungeon, and saw 18 of its levels.
You also visited: Bailey, Gauntlet and Ice Cave.

You collected 1185 gold pieces.

Inventory:

Hand Weapons
 F - the +2 quarterstaff of the Cup (weapon) {freeze, rC+ MP+9 Int+3}
   (You found it on level 9 of the Dungeon)

   Int:       It affects your intelligence (+3).
   rC:        It protects you from cold.
   MP:        It affects your magic capacity (+9).
 N - a +0 great mace of protection
 R - the +7 trident "Lidicehe" {spect, rC+}
   (You found it on level 5 of the Lair of Beasts)

   rC:        It protects you from cold.
Missiles
 f - 34 poisoned darts (quivered)
 y - a throwing net
 B - 2 silver boomerangs
 G - 3 curare-tipped darts
 H - 3 boomerangs of dispersal
Armour
 a - a +0 troll leather armour (worn)
 i - a +0 cloak (worn)
 E - +0 swamp dragon scales
 I - +0 steam dragon scales
 K - +0 acid dragon scales
Jewellery
 b - the ring of the Last Mashing Stars {Fire Will+ MP+9 Str+4}
   (You acquired it on level 4 of the Dungeon)

   [ring of fire]

   It enhances your fire magic.
   Str:       It affects your strength (+4).
   rF:        It protects you from fire.
   rC:        It makes you vulnerable to cold.
   MP:        It affects your magic capacity (+9).
   Will:      It increases your willpower.
 d - a +4 ring of protection (right hand)
 t - the amulet "Tel Puxo" (around neck) {Acrobat Regen+ Str+2 Int+4}
   (You acquired it on level 7 of the Dungeon)

   [amulet of the acrobat]

   It increases your evasion while moving and waiting.
   Str:       It affects your strength (+2).
   Int:       It affects your intelligence (+4).
   Regen:     It increases your rate of health regeneration.
 D - a ring of magical power (left hand)
Wands
 e - a wand of charming (9)
 w - a wand of light (34)
 A - a wand of iceblast (7)
 C - a wand of digging (6)
 L - a wand of polymorph (4)
 O - a wand of mindburst (8)
Scrolls
 g - 2 scrolls of fear
 h - a scroll of silence
 j - a scroll of identify
 l - a scroll of blinking
 m - a scroll of fog
 o - 5 scrolls of amnesia
 J - 6 scrolls of teleportation
Potions
 c - 5 potions of mutation
 k - 7 potions of might
 n - 3 potions of flight
 q - 2 potions of invisibility
 r - 8 potions of lignification
 s - 4 potions of heal wounds
 v - 2 potions of ambrosia
 x - a potion of brilliance
 z - 4 potions of haste
 M - 2 potions of magic
 P - 2 potions of curing
 S - 2 potions of cancellation


   Skills:
 + Level 16.8 Fighting
 - Level 1.5(4.0) Polearms
 - Level 6.0(6.1) Staves
 - Level 1.8 Dodging
 - Level 1.4 Stealth
 - Level 10.4 Spellcasting
 * Level 13.4 Conjurations
 - Level 6.2 Translocations
 - Level 4.0 Transmutations
 - Level 7.4 Fire Magic
 - Level 7.1 Invocations


You had 2 spell levels left.
You knew the following spells:

 Your Spells              Type           Power      Damage    Failure   Level
a - Foxfire               Conj/Fire      100%       2x1d9     1%          1
b - Scorch                Fire           100%       2d9       1%          2
c - Volatile Blastmotes   Fire/Tloc      100%       2d18      1%          3
d - Flame Wave            Conj/Fire      63%        2d15      1%          4
e - Inner Flame           Hex/Fire       34%        N/A       3%          3
f - Beastly Appendage     Tmut           70%        N/A       1%          1
g - Wereblood             Tmut           35%        N/A       1%          2
h - Mephitic Cloud        Conj/Pois/Air  38%        N/A       2%          3
i - Orb of Destruction    Conj           36%        9d11      17%         7
j - Sticky Flame          Conj/Fire      63%        2d8       1%          4
k - Magic Dart            Conj           100%       1d8       1%          1

Your spell library contained the following spells:

 Spells                   Type           Power      Damage    Failure   Level
 Slow                     Hex            56%        N/A       4%          1
 Call Imp                 Summ           28%        N/A       8%          2
 Ensorcelled Hibernation  Hex/Ice        28%        N/A       8%          2
 Ignite Poison            Fire/Tmut/Pois 34%        N/A       3%          3
 Portal Projectile        Hex/Tloc       60%        N/A       4%          3
 Spider Form              Tmut/Pois      24%        N/A       6%          3
 Call Canine Familiar     Summ           14%        N/A       14%         3
 Confusing Touch          Hex            14%        N/A       14%         3
 Summon Guardian Golem    Hex/Summ       14%        N/A       14%         3
 Vampiric Draining        Necr           14%        2d7       14%         3
 Anguish                  Hex/Necr       7%         N/A       43%         4
 Cause Fear               Hex            7%         N/A       43%         4
 Leda's Liquefaction      Hex/Erth       7%         N/A       43%         4
 Spellforged Servitor     Conj/Summ      25%        N/A       95%         7
 Dragon Form              Tmut           17%        N/A       100%        7
 Ignition                 Fire           26%        3d9       100%        8
 Dragon's Call            Summ           7%         N/A       100%        9


Dungeon Overview and Level Annotations

Branches:
Dungeon (12/15)            Temple (1/1) D:4            Lair (5/5) D:9
 Shoals (0/4) Lair:3       Spider (0/4) Lair:2        Slime (0/5) Lair:4
    Orc (0/2) D:9          Bailey (visited)           IceCv (1/1)
Gauntlet (visited)

Altars:
Ashenzari
Cheibriados
Dithmenos
Elyvilon
Fedhas
Gozag
Hepliaklqana
Kikubaaqudgha
Makhleb
Nemelex Xobeh
Okawaru
Qazlal
Ru
Sif Muna
Trog
Uskayaw
Vehumet
Wu Jian
Xom
Yredelemnul
Zin
The Shining One
Jiyva

Shops:
D:4 [   D:5 =   D:11 [

Portals:
Trove: D:11 (give 7 scrolls of fear)

Annotations:
D:3 1 runed translucent door, Crazy Yiuf
Lair:2 1 runed translucent door, infcreate's ghost, journeyman DECj
Lair:5 1 runed translucent door, CrazyMind's ghost, journeyman DsCj


Innate Abilities, Weirdness & Mutations

You are too large for most types of armour.
You have tough skin. (AC +1)
You are partially covered in large bone plates. (SH +4)
Your mind is acute. (Int +4, Str/Dex -1)
You occasionally lose the ability to read scrolls when taking damage.
You passively dampen the noise of your surroundings.


Message History

Confirm with . or Enter, or press ? or * to list all spells.
Aiming: Sticky Flame (mildly dangerous; 1% risk of failure)
Press: ? - help, Shift-Dir - straight line, f - reaper
Aim: a reaper, wielding a +2 scythe of freezing (lightly wounded, more vulnerable to fire)
The sticky flame hits the reaper.
The reaper is burned terribly!
The reaper is lightly wounded.
The reaper is covered in liquid flames!
The reaper burns!
The reaper shouts, "Death awaits you!"
The reaper hits you with a +2 scythe of freezing!!
The reaper freezes you.
Casting: Sticky Flame (mildly dangerous; 1% risk of failure)
Confirm with . or Enter, or press ? or * to list all spells.
Casting: Flame Wave (mildly dangerous; 1% risk of failure)
Press: ? - help, Dir - look around, f - activate A wave of flame ripples out!
The flame wave engulfs the reaper.
The reaper is burned terribly!
The reaper is moderately wounded. (Press . to intensify the flame waves.)
The reaper burns!
The reaper hits you with a +2 scythe of freezing!
A wave of flame ripples out!
The flame wave engulfs the reaper!!
The reaper is burned terribly!
The reaper is heavily wounded.
The reaper burns!
The reaper misses you.
A wave of flame ripples out!
The flame wave engulfs the reaper but does no damage.
The reaper is severely wounded.
You finish channelling waves of flame.
The reaper burns!
The reaper is no longer more vulnerable to fire.
The reaper hits you with a +2 scythe of freezing!!
You feel threatened and lose the ability to read scrolls!
* * * LOW HITPOINT WARNING * * *
The reaper freezes you.
* * * LOW HITPOINT WARNING * * *
The reaper burns!
The reaper hits you with a +2 scythe of freezing!!!
* * * LOW HITPOINT WARNING * * *
The reaper freezes you.
You die...
Your body glows slightly and disappears.

#############
'.........'.#
#####'#####.#
#.#.#.#.#.#.##
#'#'#.#'#'#.8######
'.........#.......#
#.8.8.8.8.#.#####.#
..........#.#[./#.##
..........+.#.⌠2@.⌠#
..........#.#[.?#.##
#.8.8.8.8.#.#####.#
'.........#.......#
#'#'#.#'#'#.8######
#.#.#.#.#.#.##
#####'#####.#
'.........'.#
#############


You could see a reaper (burning).

Vanquished Creatures
  Kirke (Lair:3)
  Josephine (D:11)
  An entropy weaver (shapeshifter) (D:11)
  A merfolk avatar (Lair:5)
  A vault guard (Bailey)
  2 hydras
  Erica (D:8)
  A centaur warrior (D:9)
  2 boulder beetles
  2 two-headed ogres
  Sonja (Lair:5)
  5 skysharks
  A sea snake (Lair:5)
  Pikel (D:5)
  2 harpies (Lair:3)
  A manticore (Lair:5)
  2 ugly things (D:11)
  A cyclops (D:11)
  21 elephants
  Maurice (D:8)
  2 ice statues (IceCv)
  4 black mambas
  Maggie (D:9)
  2 torpor snails (Lair:5)
  12 cane toads
  3 rime drakes
  2 unseen horrors (D:11)
  A kobold demonologist (D:9)
  6 ice devils (IceCv)
  11 komodo dragons
  2 anaconda simulacra (IceCv)
  3 trolls
  5 polar bears
  Grinder (D:4)
  Prince Ribbit (Bailey)
  13 blink frogs (Lair:5)
  A hornet (D:10)
  A snapping turtle (Lair:5)
  3 dire elephant simulacra (IceCv)
  5 wraiths
  38 yaks
  2 wyverns
  A shadow (D:9)
  2 humans (Bailey)
  4 hogs
  2 basilisks (Lair:2)
  Grum (D:9)
  7 steam dragons
  A death yak simulacrum (IceCv)
  A vampire mosquito (D:12)
  4 harpy simulacra (IceCv)
  Edmund (D:6)
  A hydra simulacrum (IceCv)
  15 water moccasins
  4 acid dragons
  2 swamp drakes (Lair:5)
  4 ice beasts
  5 orc warriors
  3 black bears
  2 sky beasts
  4 ogres
  4 wolves (D:9)
  2 centaurs
  2 lemures (D:5)
  A phantom (D:5)
  3 kobold brigands
  18 bullfrogs
  4 scorpions
  A cane toad simulacrum (IceCv)
  2 two-headed ogre simulacra (IceCv)
  3 wights (D:9)
  5 killer bees (D:8)
  4 electric eels
  3 howler monkeys (D:10)
  3 jellies
  6 hounds
  3 gnoll boudas
  6 orc priests
  An iron imp (D:6)
  9 orc wizards
  13 hell rats (Lair:5)
  2 iguanas
  2 sleepcaps
  15 gnolls
  6 adders
  A naga simulacrum (IceCv)
  13 white imps
  An ufetubus (IceCv)
  4 worms
  3 dart slugs
  61 orcs
  3 ball pythons
  10 endoplasms
  7 giant cockroaches
  7 goblins
  9 hobgoblins
  A jackal (D:1)
  15 kobolds
  3 quokkas
  3 bats
  11 rats
502 creatures vanquished.

Vanquished Creatures (collateral kills)
  3 foxfires (Lair:5)
3 creatures vanquished.

Vanquished Creatures (others)
  A gnoll (D:9)
  481 foxfires
482 creatures vanquished.

Grand Total: 987 creatures vanquished

Notes
Turn   | Place    | Note
-------+----------+-------------------------------------------
     0 | D:1      | MyghtyMarc the Ogre Fire Elementalist began the quest for
                  | the Orb.
     0 | D:1      | Reached XP level 1. HP: 16/16 MP: 3/3
    58 | D:1      | Reached skill level 1 in Conjurations
   126 | D:1      | Reached XP level 2. HP: 22/24 MP: 0/5
   183 | D:1      | Learned a level 2 spell: Scorch
   708 | D:1      | Reached XP level 3. HP: 31/31 MP: 3/7
  1118 | D:2      | Reached XP level 4. HP: 37/39 MP: 4/9
  1463 | D:2      | Found a faded altar of an unknown god.
  1509 | D:2      | Identified the +2 leather armour "Borot" {rF+}
  2056 | D:2      | Learned a level 3 spell: Volatile Blastmotes
  2446 | D:3      | Found a runed translucent door.
  2447 | D:3      | Noticed Crazy Yiuf
  2492 | D:3      | Identified the +0 ring mail "Soettaishi" {Harm rN++ MP-9
                  | Int+2}
  2530 | D:3      | Reached XP level 5. HP: 45/45 MP: 5/11
  2753 | D:3      | Reached skill level 1 in Fighting
  3149 | D:4      | Found a staircase to the Ecumenical Temple.
  3158 | D:4      | Reached skill level 1 in Translocations
  3174 | Temple   | Entered the Ecumenical Temple
  3416 | Temple   | Became a worshipper of Nemelex Xobeh the Trickster
  3529 | D:4      | Reached skill level 2 in Fighting
  3622 | D:4      | Reached XP level 6. HP: 59/59 MP: 7/12
  3668 | D:4      | Reached skill level 3 in Fighting
  3838 | D:4      | Noticed Grinder
  3865 | D:4      | Paralysed by Grinder for 2 turns
  3918 | D:4      | Paralysed by Grinder for 4 turns
  3927 | D:4      | Killed Grinder
  3928 | D:4      | Reached skill level 4 in Fighting
  3928 | D:4      | Reached skill level 5 in Fire Magic
  3928 | D:4      | Reached XP level 7. HP: 62/71 MP: 3/13
  4124 | D:4      | Identified a scroll of acquirement
  4128 | D:4      | Acquired the ring of the Last Mashing Stars {Fire Will+
                  | MP+9 Str+4}
  4357 | D:4      | Found Inoac's Armour Shoppe.
  4604 | D:4      | Reached skill level 5 in Fighting
  4755 | D:5      | Entered Level 5 of the Dungeon
  4857 | D:5      | Reached * piety under Nemelex Xobeh
  4863 | D:5      | Noticed Pikel
  4875 | D:5      | Reached XP level 8. HP: 80/80 MP: 10/14
  4887 | D:5      | Killed Pikel
  4888 | D:5      | Reached skill level 6 in Fighting
  5077 | D:5      | Found Duodua's Jewellery Emporium.
  5145 | D:5      | Reached skill level 7 in Fighting
  5234 | D:5      | Reached skill level 5 in Translocations
  5330 | D:5      | Reached XP level 9. HP: 76/93 MP: 15/15
  5451 | D:5      | Received a gift from Nemelex Xobeh
  5570 | D:5      | Reached skill level 8 in Fighting
  6003 | D:6      | Noticed Edmund
  6008 | D:6      | Killed Edmund
  6017 | D:6      | Learned a level 4 spell: Flame Wave
  6021 | D:6      | Learned a level 3 spell: Inner Flame
  6450 | D:6      | Reached ** piety under Nemelex Xobeh
  6457 | D:6      | Received a gift from Nemelex Xobeh
  6652 | D:6      | Found a snail-covered altar of Cheibriados.
  6900 | D:6      | Reached skill level 9 in Fighting
  6946 | D:6      | Found a shimmering altar of Xom.
  7155 | D:6      | Found a glowing silver altar of Zin.
  7155 | D:6      | Found an iron altar of Okawaru.
  7155 | D:6      | Found an ancient bone altar of Kikubaaqudgha.
  7271 | D:7      | Found a flagged portal.
  7448 | Bailey   | Entered a bailey
  7489 | Bailey   | Reached skill level 5 in Spellcasting
  7626 | Bailey   | Reached XP level 10. HP: 107/107 MP: 19/19
  7722 | Bailey   | Noticed a vault guard
  7730 | Bailey   | Noticed a vault guard
  7730 | Bailey   | Noticed Prince Ribbit
  7752 | Bailey   | Killed a vault guard
  7760 | Bailey   | Killed Prince Ribbit
  8011 | D:7      | Received a gift from Nemelex Xobeh
  8045 | D:7      | Acquired the amulet "Tel Puxo" {Acrobat Regen+ Str+2 Int+4}
  8545 | D:7      | Reached skill level 10 in Spellcasting
  9149 | D:8      | Noticed a two-headed ogre
  9161 | D:8      | Killed a two-headed ogre
  9342 | D:8      | Received a gift from Nemelex Xobeh
  9523 | D:8      | Reached *** piety under Nemelex Xobeh
  9553 | D:8      | Reached XP level 11. HP: 112/115 MP: 25/25
  9738 | D:8      | Noticed Maurice
  9741 | D:8      | Reached skill level 5 in Conjurations
  9741 | D:8      | Noticed Erica
  9767 | D:8      | Killed Erica
  9801 | D:8      | HP: 4/115 [something (27)]
  9806 | D:8      | Gained mutation: You occasionally lose the ability to read
                  | scrolls when taking damage. [potion of mutation]
  9806 | D:8      | Gained mutation: You passively dampen the noise of your
                  | surroundings. [potion of mutation]
  9806 | D:8      | Gained mutation: You are partially covered in large bone
                  | plates. (SH +4) [potion of mutation]
  9806 | D:8      | Gained mutation: Your mind is acute. (Int +4, Str/Dex -1)
                  | [potion of mutation]
  9814 | D:8      | Killed Maurice
 10313 | D:9      | Noticed Grum
 10357 | D:9      | Received a gift from Nemelex Xobeh
 10398 | D:9      | Noticed Maggie
 10572 | D:9      | Killed Maggie
 10573 | D:9      | Reached skill level 1 in Invocations
 10902 | D:9      | Identified the +2 quarterstaff of the Cup {freeze, rC+ MP+9
                  | Int+3}
 10922 | D:9      | Noticed a centaur warrior
 10933 | D:9      | Killed a centaur warrior
 11345 | D:9      | Found a staircase to the Lair.
 11463 | D:9      | Killed Grum
 11464 | D:9      | Reached skill level 5 in Invocations
 11526 | D:9      | Received a gift from Nemelex Xobeh
 11676 | D:9      | Found a staircase to the Orcish Mines.
 11904 | D:10     | Entered Level 10 of the Dungeon
 12090 | D:10     | Received a gift from Nemelex Xobeh
 12363 | D:10     | Reached **** piety under Nemelex Xobeh
 12383 | D:10     | Reached skill level 1 in Polearms
 12575 | D:10     | Reached skill level 1 in Staves
 12797 | D:10     | Found a radiant altar of Vehumet.
 12826 | D:10     | Found an opulent altar of Gozag.
 13251 | D:10     | Received a gift from Nemelex Xobeh
 13397 | D:11     | Found Sediast's Antique Armour Shop.
 13406 | D:11     | Noticed a green ugly thing
 13415 | D:11     | Found a portal to a secret trove of treasure.
 13416 | D:11     | Noticed a boulder beetle
 13445 | D:11     | Killed a boulder beetle
 13446 | D:11     | Reached XP level 12. HP: 107/123 MP: 20/26
 13501 | D:11     | Noticed Josephine
 13509 | D:11     | Killed Josephine
 13534 | D:11     | Found a gate leading to a gauntlet.
 13542 | Gauntlet | Entered a Gauntlet
 13542 | Gauntlet | Found a transporter.
 13542 | Gauntlet | Found a transporter.
 13542 | Gauntlet | Found a transporter.
 13543 | Gauntlet | Noticed a tengu warrior
 13656 | Gauntlet | Found a transporter.
 13666 | Gauntlet | Found a transporter.
 13669 | Gauntlet | Found a transporter.
 13671 | Gauntlet | Found a large runed translucent door.
 13672 | Gauntlet | Found a large runed translucent door.
 13673 | Gauntlet | Found a large runed translucent door.
 13673 | Gauntlet | Found a large runed translucent door.
 13673 | Gauntlet | Found a runed translucent door.
 13673 | Gauntlet | Found a runed translucent door.
 13674 | Gauntlet | Found a large runed translucent door.
 13675 | Gauntlet | Found a large runed translucent door.
 13675 | Gauntlet | Found a large runed translucent door.
 13675 | Gauntlet | Found a large runed translucent door.
 13675 | Gauntlet | Found a large runed translucent door.
 13675 | Gauntlet | Found a large runed translucent door.
 13676 | Gauntlet | Found a large runed translucent door.
 13676 | Gauntlet | Found a large runed translucent door.
 13677 | Gauntlet | Found a runed translucent gate.
 13677 | Gauntlet | Found a runed translucent gate.
 13677 | Gauntlet | Found a runed translucent gate.
 13678 | Gauntlet | Noticed a death yak
 13678 | Gauntlet | Noticed a death yak
 13679 | Gauntlet | Found a transporter.
 13679 | Gauntlet | Noticed a death yak
 13679 | Gauntlet | Noticed a death yak
 13679 | Gauntlet | Noticed a death yak
 13689 | Gauntlet | Found a large runed translucent door.
 13690 | Gauntlet | Found a large runed translucent door.
 13696 | Gauntlet | Received a gift from Nemelex Xobeh
 13697 | Gauntlet | Found the +0 pair of fencer's gloves {Riposte Dex+3}
 13698 | Gauntlet | Found a transporter.
 13699 | Gauntlet | Found a large runed translucent door.
 13699 | Gauntlet | Found a large runed translucent door.
 13699 | Gauntlet | Noticed a wretched star
 13701 | Gauntlet | Found a transporter.
 13704 | Gauntlet | Found a transporter.
 13715 | Gauntlet | Found a transporter.
 13715 | Gauntlet | Found a transporter.
 14012 | Lair:1   | Entered Level 1 of the Lair of Beasts
 14254 | Lair:1   | Reached skill level 5 in Staves
 14286 | Lair:1   | Reached ***** piety under Nemelex Xobeh
 14305 | Lair:1   | Identified the +9 flail "Sorghuho" {antimagic, *Rage rPois
                  | Int-2 Stlth+}
 14509 | Lair:1   | Received a gift from Nemelex Xobeh
 15001 | Lair:2   | Noticed a skyshark
 15263 | Lair:2   | Reached skill level 1 in Transmutations
 15428 | Lair:2   | Found a runed translucent door.
 15428 | Lair:2   | Found a shimmering altar of Xom.
 15428 | Lair:2   | Noticed infcreate's ghost (journeyman DECj)
 15479 | Lair:2   | Found a shadowy altar of Dithmenos.
 15528 | Lair:2   | Reached skill level 10 in Fighting
 15638 | Lair:2   | You fall into a shaft and drop 1 floor!
 15638 | Lair:3   | Received a gift from Nemelex Xobeh
 15840 | Lair:3   | Reached skill level 11 in Fighting
 15840 | Lair:3   | Reached XP level 13. HP: 137/137 MP: 27/27
 15872 | Lair:2   | Learned a level 1 spell: Beastly Appendage
 15875 | Lair:2   | Learned a level 2 spell: Wereblood
 15941 | Lair:2   | Received a gift from Nemelex Xobeh
 16127 | Lair:2   | Found a hole to the Spider Nest.
 17040 | Lair:3   | Received a gift from Nemelex Xobeh
 17145 | Lair:3   | Reached skill level 12 in Fighting
 17300 | Lair:3   | Found a staircase to the Shoals.
 17317 | Lair:3   | Noticed Kirke
 17333 | Lair:3   | Reached skill level 10 in Conjurations
 17342 | Lair:3   | Killed Kirke
 17812 | Lair:3   | Learned a level 3 spell: Mephitic Cloud
 17902 | Lair:4   | Found a viscous altar of Jiyva.
 17934 | Lair:4   | Found a staircase to the Slime Pits.
 17980 | Lair:4   | Received a gift from Nemelex Xobeh
 18068 | Lair:4   | Reached skill level 13 in Fighting
 19001 | Lair:5   | Entered Level 5 of the Lair of Beasts
 19312 | Lair:5   | Reached skill level 14 in Fighting
 19491 | Lair:5   | Noticed Sonja
 19502 | Lair:5   | Killed Sonja
 19556 | Lair:5   | Received a gift from Nemelex Xobeh
 19612 | Lair:5   | Reached XP level 14. HP: 127/157 MP: 24/28
 19724 | Lair:5   | Learned a level 7 spell: Orb of Destruction
 19787 | Lair:5   | Reached skill level 15 in Fighting
 20092 | Lair:5   | Reached ****** piety under Nemelex Xobeh
 20279 | Lair:5   | Identified the +7 trident "Lidicehe" {spect, rC+}
 20639 | Lair:5   | Found a runed translucent door.
 20711 | Lair:5   | Reached skill level 16 in Fighting
 21055 | Lair:5   | Noticed CrazyMind's ghost (journeyman DsCj)
 21058 | Lair:5   | Identified the +4 trident of the Well-Known Priests {elec,
                  | +Blink rCorr Int+5 Dex-2}
 21446 | Lair:5   | Received a gift from Nemelex Xobeh
 21853 | D:4      | Learned a level 4 spell: Sticky Flame
 22492 | D:11     | Received a gift from Nemelex Xobeh
 22620 | D:11     | Learned a level 1 spell: Magic Dart
 23078 | D:12     | Found a frozen archway.
 23147 | IceCv    | Entered an ice cave
 24265 | IceCv    | Noticed a reaper
 24272 | IceCv    | HP: 4/163 [reaper/+2 scythe of freezing (42)]
 24272 | IceCv    | Slain by a reaper

Illustrated notes

Levels and vault maps discovered:
D:1:      roderic_dead_forest, layout_basic, minmay_misc_feat_roman,
          minmay_circled_x
D:2:      layout_basic, serial_corexii_hall, chequers_hall_statues_wall_a,
          corexii_hall_statues_s, basic_ecumenical_altar, skrybe_limestone_x
D:3:      layout_basic, uniq_crazy_yiuf_cottage
D:4:      layout_loops_cross, minmay_temple_entry_proselytizer,
          kennysheep_donut, nicolae_stop_n_shop_2, kennysheep_decorative_pillar,
          uniq_grinder
D:5:      layout_basic, serial_shops, nicolae_shop_tiny_real_fake_doors,
          minmay_door_square, minmay_quadrilaterals, uniq_pikel
D:6:      layout_basic, slow_altar_2, gammafunk_temple_overflow_forgotten,
          mainiacjoe_overflow_concentric_impassable, serial_bayou_lagoon_a,
          nrook_pool_corridor, bh_walls_and_bars, uniq_edmund
D:7:      layout_cave_pods, enter_bailey_6
D:8:      layout_cave_pods, nicolae_concentric_dashed_squares_wild,
          uniq_maurice, uniq_erica
D:9:      layout_loops_ring, lair_entry_dummy, hiddenorc2_lemuel, uniq_grum,
          uniq_maggie
D:10:     cheibrodos_steamvent, layout_stronghold, lemuel_doored_altar,
          mainiacjoe_overflow_tiny_flanked
D:11:     layout_grid_maze, serial_shops, shop, gauntlet_entry_generic,
          enter_trove_0, uniq_josephine
D:12:     layout_rooms, portal_ice_cave_entry_imps, nzn_ghost_randoct
Temple:   bh_familiar_temple
Lair:1:   layout_loops_ring, infiniplex_staircase_pool
Lair:2:   layout_cave_pods, spider_nest_entry_web_field, basic_altar,
          ebering_ghost_xom, chequers_serial_rivers_micro_b,
          pdpol_lair_neglected_garden, small_statue_intersection,
          cheibrodos_lair_lostbears
Lair:3:   layout_cave_pods, nicolae_shoals_entry_roost, lemuel_fruit_fields,
          grunt_megastairs_3, uniq_kirke
Lair:4:   layout_loops_ring, slime_entry_1
Lair:5:   gammafunk_lair_ancient_temple, layout_misc_corridors,
          ebering_ghost_funeral_grove, guppyfry_lair_drakes, uniq_sonja
IceCv:    ice_cave_tombish

Skill      XL: |  1  2  3  4  5  6  7  8  9 10 11 12 13 14 |
---------------+-------------------------------------------+-----
Conjurations   | 1 4 7 9 11 13 | 13.4
Fire Magic     | 3 4 5 6 7 |  7.4
Spellcasting   | 3 4 6 10 | 10.4
Fighting       | 2 4 5 7 9 11 14 16 | 16.8
Translocations | 1 3 5 6 |  6.2
Invocations    | 7 |  7.1
Polearms       | 1 |  1.5
Staves         | 2 6 |  6.0
Transmutations | 3 4 |  4.0
Dodging        | |  1.8
Stealth        | |  1.4

Action                     |  1- 3 |  4- 6 |  7- 9 | 10-12 | 13-15 || total
---------------------------+-------+-------+-------+-------+-------++-------
  Melee: Unarmed           |     5 |       |       |       |       ||     5
         Glaive            |       |    50 |    54 |   100 |       ||   204
         Halberd           |       |     1 |       |       |       ||     1
         Quarterstaff      |       |       |       |    38 |   128 ||   166
         Great mace        |       |       |       |       |    21 ||    21
  Throw: Dart              |       |       |       |       |     7 ||     7
   Cast: Foxfire           |    39 |    45 |    55 |    54 |    92 ||   285
         Scorch            |     8 |    32 |    86 |   268 |   375 ||   769
         Volatile Blastmot |       |     1 |     7 |    83 |    42 ||   133
         Flame Wave        |       |       |       |    10 |    14 ||    24
         Sticky Flame      |       |       |       |       |    19 ||    19
         Wereblood         |       |       |       |       |     2 ||     2
         Mephitic Cloud    |       |       |       |       |     1 ||     1
 Invoke: Draw Summoning    |       |       |       |     1 |       ||     1
         Draw Destruction  |       |       |       |     2 |     4 ||     6
  Evoke: Wand              |       |       |       |       |     1 ||     1
    Use: Potion            |     1 |     3 |       |     2 |     2 ||     8
         Scroll            |       |       |     6 |    17 |     4 ||    27
   Stab: Sleeping          |       |     3 |     1 |     3 |       ||     7
         Distracted        |       |       |       |     1 |       ||     1
 Armour: Robe              |     4 |    25 |    41 |    87 |       ||   157
         Troll leather arm |       |       |       |    50 |   228 ||   278
         Steam dragon scal |       |       |       |    13 |       ||    13
  Dodge: Dodged            |    13 |    33 |    74 |   203 |   303 ||   626
  Block: Other             |       |       |       |    59 |   114 ||   173
